 Dungeon Crawl Stone Soup version 0.27-a0-1186-g8b4daa1eef (webtiles) character file.

Game seed: 13185518276039152694

108 Strat the Sneak (level 4, -1/26 HPs)
             Began as a Vampire Hedge Wizard on May 19, 2021.
             Slain by a hound (2 damage)
             ... on level 4 of the Dungeon.
             The game lasted 00:09:29 (4508 turns).

Strat the Sneak (Vampire Hedge Wizard)              Turns: 4508, Time: 00:09:30

Health: -1/26      AC:  3    Str:  9    XL:     4   Next: 58%
Magic:  8/8        EV: 13    Int: 16    God:
Gold:   155        SH:  0    Dex: 14    Spells: 1/9 levels left

rFire    . . .     SeeInvis +   a - +0 dagger
rCold    + + .     Faith    .   (no shield)
rNeg     + + +     Spirit   .   d - +0 robe
rPois    ∞         Reflect  .   k - +0 helmet
rElec    .         Harm     .   (no cloak)
rCorr    .         Rampage  .   (no gloves)
Will     .....                  (no boots)
Stlth    +++++.....             (no amulet)
HPRegen  0.00/turn              (no ring)
MPRegen  0.11/turn              (no ring)

@: bloodless
A: bloodless, fangs 3, see invisible, vampiric 2
a: Bat Form, Revivify


You were on level 4 of the Dungeon.
You visited 1 branch of the dungeon, and saw 5 of its levels.

You collected 155 gold pieces.

Inventory:

Hand Weapons
 a - a +0 dagger (weapon)
Missiles
 m - 25 stones
Armour
 c - a +0 hat
 d - a +0 robe (worn)
 k - a +0 helmet (worn)
Magical Staves
 b - a staff of conjuration
Jewellery
 e - a ring of flight
 o - a ring of see invisible
Scrolls
 f - 2 scrolls of enchant weapon {unknown}
 g - 2 scrolls of identify {unknown}
 h - a scroll of immolation {unknown}
 i - a scroll of teleportation {unknown}
Potions
 j - a potion of haste {unknown}
 l - a potion of heal wounds {unknown}
 n - a potion of brilliance {unknown}
 p - a potion of mutation {unknown}


   Skills:
 + Level 2.1 Fighting
 - Level 3.2 Dodging
 + Level 4.0 Stealth
 - Level 3.0 Spellcasting
 - Level 0.6 Conjurations
 - Level 1.0 Summonings
 - Level 0.7 Translocations
 + Level 1.3 Air Magic
 + Level 1.1 Poison Magic


You had one spell level left.
You knew the following spells:

 Your Spells              Type           Power      Damage    Failure   Level
a - Magic Dart            Conj           16%        1d3       14%         1
b - Call Imp              Summ           5%         N/A       19%         2
c - Blink                 Tloc           N/A        N/A       22%         2
d - Mephitic Cloud        Conj/Pois/Air  5%         N/A       36%         3

Your spell library contained the following spells:

 Spells                   Type           Power      Damage    Failure   Level
 Slow                     Hex            2%         N/A       28%         2
 Conjure Flame            Conj/Fire      3%         6-21      45%         3


Dungeon Overview and Level Annotations

Branches:
Dungeon (5/15)
 Temple: D:4-7

Altars:
Trog

Annotations:
D:2 Sigmund


Innate Abilities, Weirdness & Mutations

You do not regenerate when monsters are visible.
You are frail without blood (-20% HP).
You can heal yourself when you bite living creatures.
You are immune to poison.
You have razor-sharp teeth.
You have supernaturally acute eyesight. (SInv)
You are afflicted with vampirism and can become a bat while bloodless.


Message History

* * * LOW HITPOINT WARNING * * *
You barely miss the hound.
The hound is heavily wounded.
The hound barely misses you.
Your crimson imp completely misses the hound.
The hound closely misses you.
You miss the hound.
The hound is heavily wounded.
Your crimson imp hits the hound.
The hound closely misses your crimson imp.
You hit the hound but do no damage. You bite the hound, but do no damage.
The hound is severely wounded.
The hound bites you.
* * * LOW HITPOINT WARNING * * *
Your crimson imp misses the hound.
The hound closely misses you.
You closely miss the hound.
The hound is severely wounded.
Your crimson imp misses the hound.
The hound bites you.
* * * LOW HITPOINT WARNING * * *
You hit the hound.
The hound is almost dead.
Your crimson imp disappears in a puff of smoke!
The hound bites you.
* * * LOW HITPOINT WARNING * * *
The hound closely misses you.
You hit the hound but do no damage.
The hound is severely wounded.
The hound misses you.
You hit the hound.
The hound is almost dead.
The hound bites you but does no damage. x2
You hit the hound.
The hound is almost dead.
The hound closely misses you.
You barely miss the hound.
The hound is almost dead.
The hound misses you.
The hound stops to sniff the ground.
The hound bites you.
You die...

##### #...#
#:..# #...#
#####...#####
....
.......@...>#
....
#####..h#.###
..## ###.#.#
### #.#.# #
#.#.# #.#.#
#.#.# #.#.#


You could see a hound.

Vanquished Creatures
  A centaur zombie (D:5)
  2 gnolls (D:3)
  A dart slug (D:2)
  An orc (D:5)
  4 endoplasms
  2 giant cockroaches
  7 hobgoblins
  7 jackals
  A quokka (D:1)
  5 ball pythons
  2 bats
  5 frilled lizards
  3 goblins
  6 kobolds
  3 rats
50 creatures vanquished.

Vanquished Creatures (collateral kills)
  2 adders
  A quokka (D:1)
3 creatures vanquished.

Grand Total: 53 creatures vanquished

Notes
Turn   | Place    | Note
-------+----------+-------------------------------------------
     0 | D:1      | Strat the Vampire Hedge Wizard began the quest for the Orb.
     0 | D:1      | Reached XP level 1. HP: 13/13 MP: 4/4
   433 | D:1      | Reached skill level 1 in Fighting
   433 | D:1      | Reached XP level 2. HP: 21/21 MP: 0/6
   492 | D:1      | Learned a level 2 spell: Call Imp
   495 | D:1      | Learned a level 2 spell: Blink
   667 | D:1      | Found a faded altar of an unknown god.
  1619 | D:1      | Gained mutation: You are afflicted with vampirism and can
                  | become a bat while bloodless. [Vampire growth]
  1619 | D:1      | Reached XP level 3. HP: 9/26 MP: 4/7
  1841 | D:1      | Learned a level 3 spell: Mephitic Cloud
  2017 | D:2      | Noticed Sigmund
  3261 | D:3      | Found a bloodstained altar of Trog.
  3863 | D:3      | Reached XP level 4. HP: 26/26 MP: 3/8
  3868 | D:3      | Noticed an orc warrior
  3869 | D:3      | Reached skill level 1 in Air Magic
  3881 | D:4      | Noticed a kobold brigand
  3897 | D:5      | Entered Level 5 of the Dungeon
  4033 | D:5      | Noticed a water moccasin
  4034 | D:5      | Noticed a scorpion
  4126 | D:5      | Reached skill level 4 in Stealth
  4126 | D:5      | Reached skill level 1 in Poison Magic
  4504 | D:4      | HP: 1/26 [hound (2)]
  4508 | D:4      | Slain by a hound

Illustrated notes

Levels and vault maps discovered:
D:1:      shiori_arrival_oz, layout_loops_ring,
          hellmonk_ecumenical_altar_pennies_from_heaven, minmay_fountain_box,
          kennysheep_another_room, minmay_pentomino_z4
D:2:      layout_loops_ring, hex_medium, solitary_fountain, uniq_sigmund
D:3:      layout_loops_corners, old_standard_altar,
          nicolae_gozag_cash_rules_everything_around_me
D:4:      layout_basic, minmay_temple_entry_slanted
D:5:      layout_loops_corners, kennysheep_diamond, kennysheep_potato

Skill      XL: |  1  2  3  4 |
---------------+-------------+-----
Fighting       | 1 2 |  2.1
Dodging        | 3 |  3.2
Air Magic      | 1 |  1.3
Stealth        | 4 |  4.0
Poison Magic   | 1 |  1.1
Spellcasting   | |  3.0
Conjurations   | |  0.6
Summonings     | |  1.0
Translocations | |  0.7

Action                   |  1- 3 |  4- 6 || total
-------------------------+-------+-------++-------
Melee: Dagger            |   198 |    35 ||   233
       Staff             |     2 |       ||     2
       Bite              |    10 |     5 ||    15
 Cast: Magic Dart        |    62 |       ||    62
       Call Imp          |     7 |     3 ||    10
       Mephitic Cloud    |     1 |       ||     1
 Abil: Exsanguinate      |     1 |       ||     1
 Stab: Sleeping          |     6 |     1 ||     7
       Confused          |       |     1 ||     1
Armor: Robe              |    36 |    17 ||    53
Dodge: Dodged            |   163 |    35 ||   198

Table legend: (Time is in decaauts)
 A = Elapsed time spent in this place.
 B = Non-inter-level travel time spent in this place.
 C = Inter-level travel time spent in this place.
 D = Time resting spent in this place.
 E = Time spent auto-exploring this place.
 F = Levels seen in this place.
 G = Mean time per level.
                   A        B        C        D        E       F      G
               +--------+--------+--------+--------+--------+-----+--------+
         Total |   4500 |   4441 |     59 |   1725 |   1813 |   5 |  900.0 |
       Dungeon |   4500 |   4441 |     59 |   1725 |   1813 |   5 |  900.0 |
               +--------+--------+--------+--------+--------+-----+--------+

Top non-repeatable levels by time:
     D:1: 2036 daAuts
     D:2: 1086 daAuts
     D:3: 750 daAuts
     D:5: 587 daAuts
     D:4: 39 daAuts
